 Dungeon Crawl Stone Soup version 0.22.1-2-g9c5b331 (webtiles) character file.

4132 nightchill the Thaumaturge (level 10, -15/74 HPs)
             Began as a Gnoll Wizard on Dec 31, 2018.
             Was a Priest of Cheibriados.
             Demolished by an ogre
             ... wielding a +0 giant spiked club
              (20 damage)
             ... on level 8 of the Dungeon.
             The game lasted 00:47:55 (11361 turns).

nightchill the Thaumaturge (Gnoll Wizard)          Turns: 11361, Time: 00:47:56

Health: -15/74     AC:  7    Str: 20    XL:     10   Next: 27%
Magic:  8/22       EV: 18    Int: 30    God:    Cheibriados [***...]
Gold:   544        SH:  0    Dex: 21    Spells: 10/26 levels left

rFire    . . .     SeeInvis .   a - +1 whip (flame)
rCold    . . .     Gourm    .   (no shield)
rNeg     + . .     Faith    .   v - +2 robe {rN+}
rPois    .         Spirit   .   r - +1 hat
rElec    .         Reflect  .   (no cloak)
rCorr    .         Harm     .   k - +0 pair of gloves
MR       .....                  A - +0 pair of boots
Stlth    ++++......             (no amulet)
HPRegen  0.22/turn              (no ring)
MPRegen  0.18/turn              (no ring)

@: very slow
A: distributed training, fangs 1, strong nose
a: Bend Time, Temporal Distortion, Renounce Religion


You were on level 8 of the Dungeon.
You worshipped Cheibriados.
Cheibriados was most pleased with you.
You were not hungry.

You visited 2 branches of the dungeon, and saw 9 of its levels.

You collected 544 gold pieces.

Inventory:

Hand Weapons
 a - a +1 whip of flaming (weapon)
 b - a +0 hunting sling
 n - a +1 short sword of venom
 t - a +0 battleaxe of electrocution
 w - a +0 dagger
 y - a +1 whip of pain
Missiles
 f - 221 stones (quivered)
 i - 13 sling bullets
 s - 7 tomahawks
 u - 32 poisoned needles
Armour
 k - a +0 pair of gloves (worn)
 l - a +0 robe
 p - a +0 helmet
 r - a +1 hat (worn)
 v - a +2 robe of positive energy (worn)
 x - a +1 leather armour of cold resistance
 z - the +1 robe of the Archfiend {MR- Str+6 Int+3 Slay+3}
   (You found it on level 6 of the Dungeon)

   It affects your strength (+6).
   It affects your intelligence (+3).
   It affects your accuracy and damage with ranged weapons and melee attacks
   (+3).
   It affects your resistance to hostile enchantments.
 A - a +0 pair of boots (worn)
Wands
 q - a wand of acid (6)
 B - a wand of flame (48)
 G - a wand of polymorph (35)
Scrolls
 e - 3 scrolls of enchant armour
 j - 3 scrolls of remove curse
 m - 2 scrolls of fear
 D - a scroll of immolation {unknown}
 F - a scroll of fog
 H - a scroll of teleportation
 K - a scroll of magic mapping {unknown}
Potions
 c - a potion of flight
 g - a potion of might
 h - 2 potions of curing
 C - a potion of mutation {unknown}
 E - a potion of resistance {unknown}
Comestibles
 d - 19 rations
 o - 4 chunks of flesh


   Skills:
 + Level 5.0 Fighting
 + Level 5.0 Short Blades
 + Level 5.0 Long Blades
 + Level 5.0 Axes
 + Level 5.0 Maces & Flails
 + Level 5.0 Polearms
 + Level 5.0 Staves
 + Level 5.0 Slings
 + Level 5.0 Bows
 + Level 5.0 Crossbows
 + Level 5.0 Throwing
 + Level 5.0 Armour
 + Level 6.9 Dodging
 + Level 6.6 Stealth
 + Level 5.0 Shields
 + Level 5.0 Unarmed Combat
 + Level 8.8 Spellcasting
 + Level 4.7 Conjurations
 + Level 4.1 Hexes
 + Level 4.1 Charms
 + Level 4.7 Summonings
 + Level 4.1 Necromancy
 + Level 4.7 Translocations
 + Level 4.1 Transmutations
 + Level 4.1 Fire Magic
 + Level 4.1 Ice Magic
 + Level 4.1 Air Magic
 + Level 4.1 Earth Magic
 + Level 4.1 Poison Magic
 + Level 5.5 Invocations
 + Level 5.0 Evocations


You had 10 spell levels left.
You knew the following spells:

 Your Spells              Type           Power        Failure   Level  Hunger
a - Magic Dart            Conj           ####         1%          1    None
b - Blink                 Tloc           N/A          1%          2    None
c - Call Imp              Summ           #####...     1%          2    None
d - Mephitic Cloud        Conj/Pois/Air  #####...     1%          3    None
e - Iskenderun's Mystic   Conj           #####...     5%          4    None
f - Fulminant Prism       Conj/Hex       #####.....   6%          4    None

Your spell library contained the following spells:

 Spells                   Type           Power        Failure   Level  Hunger
 Searing Ray              Conj           #####.       1%          2    None
 Slow                     Hex            #####...     1%          2    None
 Conjure Flame            Conj/Fire      #####...     1%          3    None
 Dazzling Spray           Conj/Hex       #####.       1%          3    None
 Force Lance              Conj/Tloc      #####...     5%          4    None


Dungeon Overview and Level Annotations

Branches:
Dungeon (8/15)             Temple (1/1) D:5
   Lair: D:8-11

Altars:
Ashenzari
Cheibriados
Dithmenos
Elyvilon
Fedhas
Gozag
Hepliaklqana
Kikubaaqudgha
Makhleb
Nemelex Xobeh
Okawaru
Qazlal
Ru
Sif Muna
Trog
Uskayaw
Vehumet
Wu Jian
Xom
Yredelemnul
Zin
The Shining One

Annotations:
D:7 exclusion: ice statue


Innate Abilities, Weirdness & Mutations

Your experience applies equally to all skills.
You have very sharp teeth.
Your uncanny sense of smell can sniff out nearby items.


Message History

The orc hits you but does no damage.
There is an open door here.
The ogre hits you with a giant spiked club!!
The ogre hits you with a giant spiked club!!
The orc barely misses you.
The ogre hits you with a giant spiked club!
* * * LOW HITPOINT WARNING * * *
The ogre closely misses you.
The ogre hits you with a giant spiked club!
* * * LOW HITPOINT WARNING * * *
Casting: Blink (safe; 1% risk of failure)
Confirm with . or Enter, or press ? or * to list all spells.
You blink.
The ogre misses you.
Casting: Blink (safe; 1% risk of failure)
Confirm with . or Enter, or press ? or * to list all spells.
You blink.
A jelly comes into view.
The ogre hits you with a giant spiked club!!
You die...

#o# #)#.. #.# ##.#### #.#
#.....######## ####.#
#.)..........#.....#
.....###............#.....
#...................#....
#...................J...#
#..............H#####...#
#...........o.oO@.....#.#
#.......#.....#######.#.######.
###..####.....#<)).............
#..# #.....#######.#.######.
###..# #.....# #.#........
.....# #.....# #.#........
####.# #####.# #.......###
.....# #.# #.......... ######
#.# #..####...#


You could see a hippogriff, an ogre and 2 orcs.

Vanquished Creatures
  2 two-headed ogres
  Pikel (D:4)
  Duvessa (D:7)
  A water moccasin (D:6)
  A slave (D:3)
  3 orc warriors
  A black bear (D:6)
  A phantom (D:6)
  An ogre (D:8)
  4 centaurs
  A bullfrog (D:7)
  Dowan (D:7)
  2 vampire bats (D:5)
  3 howler monkeys (D:8)
  2 crimson imps (D:6)
  A centaur zombie (D:8)
  2 jellies (D:7)
  A hound (D:8)
  3 orc priests
  9 orc wizards
  A bullfrog skeleton (D:6)
  Natasha (D:2)
  4 worker ants
  3 gnolls (D:7)
  A howler monkey skeleton (D:7)
  6 adders
  An adder skeleton (D:5)
  A worm (D:3)
  2 dart slugs
  9 leopard geckos
  41 orcs
  3 giant cockroaches
  7 goblins
  6 hobgoblins
  2 jackals (D:2)
  5 kobolds
  A quokka (D:2)
  16 bats
  3 frilled lizards
  A giant cockroach zombie (D:6)
  A jackal skeleton (D:4)
  A leopard gecko skeleton (D:4)
  A quokka skeleton (D:7)
  7 rats
  A spectral orc (D:4)
166 creatures vanquished.

Vanquished Creatures (collateral kills)
  A hippogriff (D:4)
  A slave (D:3)
  Blork the orc (D:4)
  A bullfrog zombie (D:6)
  Jessica (D:2)
  Terence (D:2)
  Natasha (D:2)
  A worker ant (D:4)
  Robin (D:2)
  An adder (D:2)
  2 worms
  A dart slug (D:2)
  8 orcs
  A bat (D:2)
  6 goblins (D:2)
  3 hobgoblins (D:2)
  2 jackals (D:2)
  2 rats (D:2)
35 creatures vanquished.

Vanquished Creatures (others)
  An ogre (D:7)
  A bullfrog skeleton (D:4)
  A frilled lizard (D:4)
  18 fulminant prisms
21 creatures vanquished.

Grand Total: 222 creatures vanquished

Notes
Turn   | Place    | Note
-------+----------+-------------------------------------------
     0 | D:1      | nightchill the Gnoll Wizard began the quest for the Orb.
     0 | D:1      | Reached XP level 1. HP: 13/13 MP: 8/8
   330 | D:1      | Reached XP level 2. HP: 19/19 MP: 5/10
   405 | D:1      | Learned a level 2 spell: Blink
   422 | D:1      | Learned a level 2 spell: Call Imp
   784 | D:1      | Reached XP level 3. HP: 23/25 MP: 4/11
  1101 | D:2      | Noticed Terence
  1112 | D:2      | Killed Terence
  1266 | D:2      | Reached skill level 1 in Invocations
  1485 | D:1      | Learned a level 3 spell: Mephitic Cloud
  1486 | D:2      | HP: 1/25 [orc priest/divine providence (12)]
  1786 | D:2      | Reached skill level 1 in Fighting
  1786 | D:2      | Reached skill level 1 in Short Blades
  1786 | D:2      | Reached skill level 1 in Long Blades
  1786 | D:2      | Reached skill level 1 in Axes
  1786 | D:2      | Reached skill level 1 in Maces & Flails
  1786 | D:2      | Reached skill level 1 in Polearms
  1786 | D:2      | Reached skill level 1 in Staves
  1786 | D:2      | Reached skill level 1 in Slings
  1786 | D:2      | Reached skill level 1 in Bows
  1786 | D:2      | Reached skill level 1 in Crossbows
  1786 | D:2      | Reached skill level 1 in Throwing
  1786 | D:2      | Reached skill level 1 in Armour
  1786 | D:2      | Reached skill level 1 in Shields
  1786 | D:2      | Reached skill level 1 in Unarmed Combat
  1786 | D:2      | Reached skill level 1 in Evocations
  1786 | D:2      | Reached XP level 4. HP: 32/32 MP: 5/13
  1992 | D:2      | Reached skill level 1 in Hexes
  1992 | D:2      | Reached skill level 1 in Charms
  1992 | D:2      | Reached skill level 1 in Necromancy
  1992 | D:2      | Reached skill level 1 in Transmutations
  1992 | D:2      | Reached skill level 1 in Fire Magic
  1992 | D:2      | Reached skill level 1 in Ice Magic
  1992 | D:2      | Reached skill level 1 in Air Magic
  1992 | D:2      | Reached skill level 1 in Earth Magic
  1992 | D:2      | Reached skill level 1 in Poison Magic
  2008 | D:2      | Reached XP level 5. HP: 37/37 MP: 0/14
  2497 | D:2      | Noticed Robin
  2512 | D:2      | Killed Robin
  2969 | D:2      | Noticed Jessica
  2975 | D:2      | Killed Jessica
  3184 | D:2      | Noticed Natasha
  3193 | D:2      | Killed Natasha
  3193 | D:2      | Reached XP level 6. HP: 44/44 MP: 10/16
  3299 | D:2      | Found a shadowy altar of Dithmenos.
  3309 | D:2      | Found an ornate altar of the Wu Jian Council.
  3325 | D:2      | Found a glowing silver altar of Zin.
  3349 | D:2      | Noticed Natasha
  3357 | D:2      | Killed Natasha
  4407 | D:4      | Noticed a slave
  4413 | D:4      | Noticed a slave
  4458 | D:3      | Killed a slave
  4577 | D:4      | Noticed a slave
  4848 | D:4      | Noticed a slave
  4862 | D:3      | Killed a slave
  5127 | D:4      | Noticed a hippogriff
  5217 | D:4      | Reached skill level 5 in Dodging
  5330 | D:4      | Found a basalt altar of Yredelemnul.
  5441 | D:4      | Noticed Pikel
  5465 | D:4      | Killed Pikel
  5465 | D:4      | Reached XP level 7. HP: 46/51 MP: 13/18
  5555 | D:4      | Killed a hippogriff
  5555 | D:4      | Reached skill level 5 in Stealth
  5762 | D:4      | Noticed Blork the orc
  5785 | D:4      | Killed Blork the orc
  6058 | D:5      | Entered Level 5 of the Dungeon
  6350 | D:5      | Found a staircase to the Ecumenical Temple.
  6366 | Temple   | Entered the Ecumenical Temple
  6591 | Temple   | Became a worshipper of Cheibriados the Contemplative
  6639 | D:5      | Learned a level 4 spell: Iskenderun's Mystic Blast
  6679 | D:5      | Reached XP level 8. HP: 57/57 MP: 10/19
  6897 | D:5      | Learned a level 4 spell: Fulminant Prism
  7422 | D:6      | Reached * piety under Cheibriados
  7895 | D:6      | Reached skill level 8 in Spellcasting
  8222 | D:6      | Got a twisted robe
  8223 | D:6      | Identified the +1 robe of the Archfiend {MR- Str+6 Int+3
                  | Slay+3} (You found it on level 6 of the Dungeon)
  8269 | D:6      | Found an opulent altar of Gozag.
  8508 | D:6      | Reached XP level 9. HP: 63/65 MP: 17/21
  8994 | D:6      | Found an ancient bone altar of Kikubaaqudgha.
  9088 | D:6      | Reached ** piety under Cheibriados
  9809 | D:7      | Found an ancient bone altar of Kikubaaqudgha.
  9904 | D:7      | Found an ornate altar of the Wu Jian Council.
 10082 | D:7      | Found a radiant altar of Vehumet.
 10106 | D:7      | Noticed an ice statue
 10277 | D:7      | Noticed Duvessa
 10352 | D:7      | Noticed Dowan
 10368 | D:7      | Killed Duvessa
 10368 | D:7      | Reached *** piety under Cheibriados
 10413 | D:7      | Killed Dowan
 10660 | D:8      | Noticed a two-headed ogre
 10677 | D:7      | Killed a two-headed ogre
 10677 | D:7      | Reached skill level 5 in Invocations
 10881 | D:8      | Reached XP level 10. HP: 73/73 MP: 22/22
 10907 | D:8      | Noticed a two-headed ogre
 10922 | D:8      | Killed a two-headed ogre
 10922 | D:8      | Reached skill level 5 in Fighting
 10922 | D:8      | Reached skill level 5 in Short Blades
 10922 | D:8      | Reached skill level 5 in Long Blades
 10922 | D:8      | Reached skill level 5 in Axes
 10922 | D:8      | Reached skill level 5 in Maces & Flails
 10922 | D:8      | Reached skill level 5 in Polearms
 10922 | D:8      | Reached skill level 5 in Staves
 10922 | D:8      | Reached skill level 5 in Slings
 10922 | D:8      | Reached skill level 5 in Bows
 10922 | D:8      | Reached skill level 5 in Crossbows
 10922 | D:8      | Reached skill level 5 in Throwing
 10922 | D:8      | Reached skill level 5 in Armour
 10922 | D:8      | Reached skill level 5 in Shields
 10922 | D:8      | Reached skill level 5 in Unarmed Combat
 10922 | D:8      | Reached skill level 5 in Evocations
 11350 | D:8      | HP: 1/74 [ogre/giant spiked club (16)]
 11361 | D:8      | Demolished by an ogre

Skill      XL: |  1  2  3  4  5  6  7  8  9 10 |
---------------+-------------------------------+-----
Conjurations   | 2 3 4 |  4.7
Summonings     | 2 3 4 |  4.7
Translocations | 2 3 4 |  4.7
Invocations    | 1 2 3 4 5 |  5.5
Fighting       | 1 2 3 4 5 |  5.0
Short Blades   | 1 2 3 4 5 |  5.0
Long Blades    | 1 2 3 4 5 |  5.0
Axes           | 1 2 3 4 5 |  5.0
Maces & Flails | 1 2 3 4 5 |  5.0
Polearms       | 1 2 3 4 5 |  5.0
Staves         | 1 2 3 4 5 |  5.0
Slings         | 1 2 3 4 5 |  5.0
Bows           | 1 2 3 4 5 |  5.0
Crossbows      | 1 2 3 4 5 |  5.0
Throwing       | 1 2 3 4 5 |  5.0
Armour         | 1 2 3 4 5 |  5.0
Shields        | 1 2 3 4 5 |  5.0
Unarmed Combat | 1 2 3 4 5 |  5.0
Evocations     | 1 2 3 4 5 |  5.0
Hexes          | 1 2 3 4 |  4.1
Charms         | 1 2 3 4 |  4.1
Necromancy     | 1 2 3 4 |  4.1
Transmutations | 1 2 3 4 |  4.1
Fire Magic     | 1 2 3 4 |  4.1
Ice Magic      | 1 2 3 4 |  4.1
Air Magic      | 1 2 3 4 |  4.1
Earth Magic    | 1 2 3 4 |  4.1
Poison Magic   | 1 2 3 4 |  4.1
Dodging        | 5 6 |  6.9
Stealth        | 5 6 |  6.6
Spellcasting   | 8 |  8.8

Action                   |  1- 3 |  4- 6 |  7- 9 | 10-12 || total
-------------------------+-------+-------+-------+-------++-------
Melee: Flail             |       |    53 |       |       ||    53
       Bite              |       |     6 |    29 |    10 ||    45
       Punch             |       |     1 |     3 |       ||     4
       Whip              |       |       |   186 |    38 ||   224
       Dagger            |       |       |     5 |     2 ||     7
 Fire: Hunting sling     |       |       |     5 |       ||     5
Throw: Stone             |       |       |     6 |       ||     6
 Cast: Magic Dart        |    53 |   125 |    66 |       ||   244
       Call Imp          |     3 |    48 |    14 |       ||    65
       Mephitic Cloud    |     1 |     5 |    10 |     3 ||    19
       Blink             |       |     8 |     1 |     4 ||    13
       Iskenderun's Myst |       |       |    23 |     8 ||    31
       Fulminant Prism   |       |       |    18 |       ||    18
Evoke: Wand              |       |       |     8 |     2 ||    10
  Use: Scroll            |       |     8 |     3 |       ||    11
       Potion            |       |       |     6 |       ||     6
 Stab: Sleeping          |       |       |     4 |       ||     4
       Confused          |       |       |     5 |     1 ||     6
       Invisible         |       |       |     1 |       ||     1
  Eat: Chunk             |     2 |    12 |     9 |     1 ||    24
       Ration            |       |       |     1 |       ||     1
Armor: Robe              |     2 |    13 |    45 |     7 ||    67
Dodge: Dodged            |     4 |    63 |   194 |    33 ||   294
